 Seeded DCSS version 0.29-a0-323-g050149a (webtiles) character file.

Game seed: 7780251842988934684 (custom seed)

574 Illumine the Magician (level 7, -1/50 HPs)
             Began as a Djinni Air Elementalist on Apr 10, 2022.
             Was an Initiate of Gozag.
             Slain by an orc
             ... wielding a +0 short sword
              (3 damage)
             ... on level 3 of the Dungeon.
             The game lasted 00:07:06 (4853 turns).

Illumine the Magician (Djinni Air Elementalist)     Turns: 4853, Time: 00:07:07

Health: -1/50      AC:  2    Str:  7    XL:     7   Next: 61%
Gold:   230        EV: 12    Int: 19    God:    Gozag SH:  0 Dex: 13

rFire   + + .      SeeInvis +   k - +5 hunting sling
rCold   x . .      Faith    .   (no shield)
rNeg    . . .      Spirit   .   a - +0 robe
rPois   ∞          Reflect  .   (no helmet)
rElec   .          Harm     .   (no cloak)
rCorr   .          Rampage  .   (no gloves)
Will    .....                   (boots unavailable)
Stlth   ++........              (no amulet)
HPRegen 0.16/turn               c - ring of see invisible
MPRegen 0.00/turn               (no ring)

@: on blink cooldown, flying
A: sickness immunity, fire resistance 2, cold vulnerability 1, float, innate
caster, HP casting, extra vitality 1
a: Renounce Religion, Potion Petition, Call Merchant, Bribe Branch


You were on level 3 of the Dungeon.
You worshipped Gozag.
Gozag was aware of your devotion.
You visited 1 branch of the dungeon, and saw 4 of its levels.

You collected 271 gold pieces.
You paid 41 gold pieces to Gozag.

Inventory:

Hand Weapons
 k - a +5 hunting sling (weapon)
 o - a +0 flail of protection
Missiles
 j - a throwing net
 m - 41 stones
Armour
 a - a +0 robe (worn)
 r - a +2 leather armour of willpower
Magical Staves
 l - a staff of earth
Jewellery
 c - a ring of see invisible (left hand)
Wands
 p - a wand of charming (5)
Scrolls
 d - a scroll of immolation {unknown}
 e - 2 scrolls of identify {unknown}
 g - a scroll of fog {unknown}
Potions
 b - 2 potions of attraction {unknown}
 f - a potion of ambrosia {unknown}
 h - a potion of brilliance {unknown}
 i - 2 potions of curing
 n - a potion of might {unknown}
 q - a potion of haste {unknown}


   Skills:
 + Level 3.3 Fighting
 + Level 1.5 Armour
 - Level 2.1 Dodging
 - Level 1.5 Stealth
 + Level 5.5 Spellcasting


You had one spell level left.
You knew the following spells:

 Your Spells              Type           Power      Damage    Failure   Level
a - Shock                 Conj/Air       100%       1d9       1%          1
b - Static Discharge      Conj/Air       26%        N/A       1%          2
c - Swiftness             Air            26%        N/A       3%          3
d - Airstrike             Air            13%        N/A       12%         4
e - Freeze                Ice            100%       1d11      1%          1
f - Blink                 Tloc           52%        N/A       1%          2
g - Vampiric Draining     Necr           26%        2d7       3%          3
Your spell library was empty.

Dungeon Overview and Level Annotations

Branches:
Dungeon (4/15)
 Temple: D:4-7

Altars:
Cheibriados
Fedhas
Gozag
Zin


Innate Abilities, Weirdness & Mutations

You are immune to sickness and miasma.
You are immune to poison.
Your flesh is very heat resistant. (rF++)
You are vulnerable to cold. (rC-)
You float through the air rather than walking.
You learn spells naturally, not from books.
Your magical power is your life essence.
You have superior vitality. (+4 MHP)


Message History

You fly downwards.
There is a stone staircase leading up here.
Unknown command.
The orc wizard gestures at you while chanting.
You are confused.
The orc closely misses you. The orc hits you with a +0 short sword.
The orc barely misses you. The orc closely misses you.
You fly upwards.
There is a stone staircase leading down here.
You closely miss the orc. The orc hits you with a +0 dagger.
The orc hits you with a +0 short sword. The orc hits you but does no damage.
The orc wizard hits you with a +0 dagger.
The orc hits you with a +0 club. The orc hits you with a +0 dagger.
The orc wizard hits you with a +0 dagger.
The orc hits you with a +0 club.
* * * LOW HITPOINT WARNING * * *
The orc barely misses you.
The orc hits you with a +2 vorpal hand axe.
* * * LOW HITPOINT WARNING * * *
x2 Unknown command.
You feel better. The orc hits you with a +0 dagger.
* * * LOW HITPOINT WARNING * * *
The orc hits you with a +0 short sword.
* * * LOW HITPOINT WARNING * * *
The orc misses you.
The orc wizard hits you with a +0 dagger.
* * * LOW HITPOINT WARNING * * *
The orc hits you with a +0 club.
* * * LOW HITPOINT WARNING * * *
Okay, then.
Casting: Shock (safe; 1% risk of failure)
Confirm with . or Enter, or press ? or * to list all spells.
Okay, then.
Casting: Shock (safe; 1% risk of failure)
Confirm with . or Enter, or press ? or * to list all spells.
You blink.
* * * LOW HITPOINT WARNING * * *
The orc hits you with a +0 short sword.
You die...
Your body crumbles into a pile of gold.

######## #......#
#.####.####################
#.........................#
#...##.........###.######.#
#......###oo.@.###.# #.#
##).#### #.§o...##.# #.#
###..######oo.......# #)#
#...........##.###### #.#
#.############.# #.# #.#
#.# #.# #.# ##'## #.# #.#
##...## #.# #.####
##..<..## ###.##


You could see an orc wizard and 4 orcs.

Vanquished Creatures
  Sigmund (D:3)
  A steam dragon (D:3)
  An iguana (D:4)
  Ijyb (D:3)
  An orc wizard (D:2)
  A mummy (D:3)
  8 gnolls
  3 adders
  3 worms
  6 dart slugs
  4 orcs
  5 ball pythons
  5 endoplasms
  6 hobgoblins
  2 jackals (D:3)
  10 bats
  2 frilled lizards
  11 goblins
  6 kobolds
  3 rats
80 creatures vanquished.

Vanquished Creatures (others)
  2 demonic plants (D:2)
  A plant (D:3)
3 creatures vanquished.

Grand Total: 83 creatures vanquished

Notes
Turn   | Place    | Note
-------+----------+-------------------------------------------
     0 | D:1      | Illumine the Djinni Air Elementalist began the quest for
                  | the Orb.
     0 | D:1      | Reached XP level 1. HP: 15/15 MP: 0/0
   191 | D:1      | Reached XP level 2. HP: 16/21 MP: 0/0
   563 | D:1      | Reached skill level 3 in Spellcasting
   685 | D:1      | Reached XP level 3. HP: 21/25 MP: 0/0
   685 | D:1      | Learned a level 1 spell: Freeze
  1401 | D:2      | Reached XP level 4. HP: 28/31 MP: 0/0
  1771 | D:2      | Reached skill level 4 in Spellcasting
  2113 | D:2      | Reached XP level 5. HP: 31/35 MP: 0/0
  2113 | D:2      | Learned a level 2 spell: Blink
  2418 | D:2      | Found a faded altar of an unknown god.
  2418 | D:2      | Noticed a smoke demon
  2521 | D:3      | Found a snail-covered altar of Cheibriados.
  3065 | D:3      | Found a glowing silver altar of Zin.
  3065 | D:3      | Found an opulent altar of Gozag.
  3097 | D:3      | Noticed Sigmund
  3117 | D:3      | Became a worshipper of Gozag Ym Sagoz the Greedy
  3149 | D:3      | Killed Sigmund
  3150 | D:3      | Reached skill level 5 in Spellcasting
  3150 | D:3      | Reached XP level 6. HP: 14/43 MP: 0/0
  3412 | D:3      | Noticed Ijyb
  3426 | D:3      | Killed Ijyb
  3427 | D:3      | Reached XP level 7. HP: 19/49 MP: 0/0
  3427 | D:3      | Learned a level 3 spell: Vampiric Draining
  3716 | D:3      | Found a blossoming altar of Fedhas.
  4246 | D:3      | Noticed a steam dragon
  4473 | D:3      | Killed a steam dragon
  4474 | D:3      | Reached skill level 1 in Armour
  4853 | D:3      | Slain by an orc

Illustrated notes

Levels and vault maps discovered:
D:1:      matt_arrival_grand_opening, layout_rooms,
          chequers_serial_rivers_large_b
D:2:      layout_rooms, dreamdust_ecumenical_altar_sealed_demon,
          serial_park_tiny_2
D:3:      layout_loops_corners, grunt_temple_overflow_gold_and_silver,
          slow_altar_2, nicolae_overflow_crystal_walls, minmay_misc_feat_chi,
          minmay_misc_feat_iff, serial_bayou_pond_e, uniq_ijyb, uniq_sigmund
D:4:      layout_cave_pools, minmay_temple_entry_water_ring

Skill      XL: |  1  2  3  4  5  6  7 |
---------------+----------------------+-----
Spellcasting   | 3 4 5 |  5.5
Fighting       | 2 3 |  3.3
Armour         | 1 |  1.5
Dodging        | |  2.1
Stealth        | |  1.5

Action                   |  1- 3 |  4- 6 |  7- 9 || total
-------------------------+-------+-------+-------++-------
Melee: Hunting sling     |       |       |     1 ||     1
 Fire: Hunting sling     |       |     3 |       ||     3
 Cast: Shock             |    60 |    89 |    41 ||   190
       Airstrike         |       |       |     3 ||     3
       Blink             |       |       |     1 ||     1
  Use: Potion            |       |     1 |     1 ||     2
Armor: Robe              |       |     3 |     4 ||     7
Dodge: Dodged            |     2 |    20 |    14 ||    36

Table legend: (Time is in decaauts)
 A = Elapsed time spent in this place.
 B = Non-inter-level travel time spent in this place.
 C = Inter-level travel time spent in this place.
 D = Time resting spent in this place.
 E = Time spent auto-exploring this place.
 F = Levels seen in this place.
 G = Mean time per level.
                   A        B        C        D        E       F      G
               +--------+--------+--------+--------+--------+-----+--------+
         Total |   4857 |   4677 |    180 |    816 |   3338 |   4 | 1214.2 |
       Dungeon |   4857 |   4677 |    180 |    816 |   3338 |   4 | 1214.2 |
               +--------+--------+--------+--------+--------+-----+--------+

Top non-repeatable levels by time:
     D:3: 2273 daAuts
     D:2: 1452 daAuts
     D:1: 1087 daAuts
     D:4: 43 daAuts
